 Dungeon Crawl Stone Soup version 0.15-a0-2102-gacb6860 (webtiles) character file.

2923 MackTheKnife the Arsonist (level 9, -8/45 HPs)
             Began as a Deep Elf Fire Elementalist on July 15, 2014.
             Was a Priest of Sif Muna.
             Hit by a large rock thrown by a cyclops (32 damage)
             ... on Level 8 of the Dungeon.
             The game lasted 00:19:50 (6992 turns).

MackTheKnife the Arsonist (DEFE)                    Turns: 6992, Time: 00:19:50

HP  -8/45        AC  8     Str  6      XL: 9   Next: 50%
MP  16/29        EV 15     Int 23      God: Sif Muna [***...]
Gold 385         SH  0     Dex 15      Spells:  6 memorised,  6 levels left

rFire  + . .     SeeInvis .     g - +4 whip (elec)
rCold  . . .     Clarity  +     a - +1 robe
rNeg   + . .     rCorr    .     (no shield)
rPois  .         rRot     .     k - +0 helmet
rElec  .         Spirit   .     m - +0 cloak
SustAb .         Warding  .     h - +2 pair of gloves
rMut   .         Stasis   .     (no boots)
Gourm  .                        A - amulet of clarity
MR     .....                    w - ring of positive energy
                                v - ring of protection from fire

@: flying, not resistant to hostile enchantments, unstealthy
A: no striking features
a: Channel Energy, Forget Spell, Renounce Religion


You were on level 8 of the Dungeon.
You worshipped Sif Muna.
Sif Muna was most pleased with you.
You were not hungry.

You visited 2 branches of the dungeon, and saw 9 of its levels.

You collected 385 gold pieces.


   Skills:
 - Level 5.0 Dodging
 - Level 2.4 Stealth
 + Level 8.4 Spellcasting
 - Level 8.4 Conjurations
 + Level 9.5 Fire Magic


You had 6 spell levels left.
You knew the following spells:

 Your Spells              Type           Power        Failure   Level  Hunger
b - Sticky Flame          Conj/Fire      ######..     1%          4    ##.....
c - Conjure Flame         Conj/Fire      ######..     1%          3    None
f - Flight                Chrm/Air       #.........   21%         3    None
v - Fireball              Conj/Fire      ######....   6%          5    ####...
x - Throw Flame           Conj/Fire      ######       1%          2    None
z - Flame Tongue          Conj/Fire      #####        1%          1    None

Inventory:

Hand weapons
 e - a +1 dagger of pain
 g - a +4 whip of electrocution (weapon)
Armour
 a - a +1 robe (worn)
 h - a +2 pair of gloves (worn)
 k - a +0 helmet (worn)
 m - a +0 cloak (worn)
Magical devices
 q - a wand of random effects (20)
 F - a wand of digging (8)
Comestibles
 c - 5 bread rations
 f - 3 meat rations
 l - 2 slices of pizza
 z - 7 beef jerkies
 G - 5 fruits
Scrolls
 i - 3 scrolls of remove curse
 o - 4 scrolls of identify
 r - 2 scrolls of amnesia
 E - a scroll of fog
 I - a scroll of magic mapping
Jewellery
 v - a ring of protection from fire (left hand)
 w - a ring of positive energy (right hand)
 A - an amulet of clarity (around neck)
Potions
 d - a potion of beneficial mutation {unknown}
 j - 2 potions of confusion {unknown}
 n - a potion of curing
 p - a potion of heal wounds {unknown}
 s - a potion of brilliance {unknown}
 u - a potion of flight
 x - a potion of restore abilities {unknown}
 B - 2 potions of poison {unknown}
 H - a potion of might {unknown}
Books
 b - a book of Flames

   Spells                             Type                      Level
   *Flame Tongue                      Conjuration/Fire             1
   *Throw Flame                       Conjuration/Fire             2
   *Conjure Flame                     Conjuration/Fire             3
   Inner Flame                        Hexes/Fire                   3
   *Sticky Flame                      Conjuration/Fire             4
   *Fireball                          Conjuration/Fire             5
 t - a book of Beasts

   Spells                             Type                      Level
   Summon Butterflies                 Summoning                    1
   Call Canine Familiar               Summoning                    3
   Summon Ice Beast                   Ice/Summoning                4
   Summon Mana Viper                  Hexes/Summoning              5
   Monstrous Menagerie                Summoning                    6
   Summon Hydra                       Summoning                    7
 y - a book of the Dragon

   Spells                             Type                      Level
   *Flight                            Charms/Air                   3
   Cause Fear                         Hexes                        4
   Bolt of Fire                       Conjuration/Fire             6
   Dragon Form                        Transmutation                7
   Dragon's Call                      Summoning                    9
 C - a book of Wizardry

   Spells                             Type                      Level
   Agony                              Necromancy                   5
   Force Lance                        Conjuration                  5
   Dispersal                          Translocation                6
   Haste                              Charms                       6
   Invisibility                       Hexes                        6
   Spellforged Servitor               Conjuration/Summoning        7
 D - a Necronomicon {highlevel, unknown}

   This book is beyond your current level of understanding.

   Spells                             Type                      Level
   Haunt                              Necromancy/Summoning         7
   Borgnjor's Revivification          Necromancy                   8
   Death's Door                       Charms/Necromancy            8
   Necromutation                      Transmutation/Necromancy     8

▒▒▒···▒▒··▒···
▒▒·····▒▒······
▒···(··········
▒)··▒▒·▒▒·····▒
▒···▒▒·▒▒··▒▒▒▒
▒▒···▒ ▒▒▒(·▒▒▒▒
▒▒····▒▒·▒······▒
▒▒▒·····▒▒········▒
▒·e···············▒
▒·····▒··▒·········
▒·····▒▒▒▒··▒▒····▒
▒·▒▒··▒ ▒·· ▒▒·▒▒▒
▒# ▒··▒ ···· ▒·▒▒▒
▒£ ▒··· ··· ·····
▒· ▒···· ·· ▒▒·▒▒▒
▒C ··· ▒·▒ ▒ · ▒


You could see a cyclops.


Message History

You see here a hunting sling.
Found 17 gold pieces.
A cyclops comes into view.
The cyclops shouts!
A cyclops is nearby!
Aiming: Conjure Flame The fire roars!
Drink which item? (? for menu, Esc to quit)
Okay, then.
Read which item? (? for menu, Esc to quit)
Identify which item? (\ to view known items) (? for menu, Esc to quit)
As you read the scroll of identify, it crumbles to dust.
u - 2 potions of flight The cyclops throws a large rock.
The large rock barely misses you.
Drink which item? (? for menu, Esc to quit)
You feel very buoyant.
You fly up into the air.
The cyclops throws a large rock.
The large rock hits you!!
Unknown command.
Aiming: Throw Flame
Aim: a cyclops The puff of flame hits the cyclops.
The cyclops is lightly wounded.
Aiming: Throw Flame
Aim: a cyclops (lightly wounded)
The puff of flame hits the cyclops.
The cyclops appears unharmed.
The cyclops is lightly wounded.
The cyclops throws a large rock.
The large rock hits you!!
Ouch! That really hurt!
You die...

Action                   |  1- 3 |  4- 6 |  7- 9 || total
-------------------------+-------+-------+-------++-------
Melee: Unarmed           |     6 |       |       ||     6
       Dagger            |    17 |       |       ||    17
       Whip              |    58 |    36 |   170 ||   264
 Cast: Flame Tongue      |    40 |    48 |   163 ||   251
       Throw Flame       |     8 |     3 |    82 ||    93
       Conjure Flame     |     1 |     5 |    12 ||    18
Evoke: Wand              |       |       |     2 ||     2
  Use: Scroll            |     5 |     2 |    12 ||    19
       Potion            |       |       |     3 ||     3
 Stab: Sleeping          |     1 |     1 |     4 ||     6
  Eat: Chunk             |     2 |     4 |     7 ||    13
       Bread ration      |       |       |     2 ||     2

Vault maps used:
D:1:      dpeg_arrival_rooms_b, dk_noncrumbling_4, st_stairs_5,
          minmay_surrounded
D:2:      nicolae_overflow_hidden_temple, uniq_sigmund
D:3:      kennysheep_generic_room_10
D:4:      grunt_temple_overflow_open, minmay_temple_entry_grid, serial_shops,
          shop
D:5:      first_bread
D:6:      basic_altar
D:7:      ashenzari_conservatory_becter, grunt_ogre_cave, minivault_19
D:8:      grunt_lair_entry_elf_guard_hut, serial_shops, shop,
          hangedman_decor_growths, uniq_joseph
Temple:   triangle_lava_temple_12

Notes
Turn   | Place    | Note
--------------------------------------------------------------
     0 | D:1      | MackTheKnife, the Deep Elf Fire Elementalist, began the quest for the Orb.
     0 | D:1      | Reached XP level 1. HP: 10/10 MP: 5/5
   194 | D:1      | Reached XP level 2. HP: 15/15 MP: 6/8
   213 | D:1      | Learned a level 2 spell: Throw Flame
   364 | D:1      | Reached skill level 2 in Conjurations
   419 | D:1      | Reached XP level 3. HP: 19/19 MP: 4/11
   920 | D:2      | Reached skill level 4 in Fire Magic
   955 | D:2      | Learned a level 3 spell: Conjure Flame
  1123 | D:2      | Found an ancient bone altar of Kikubaaqudgha.
  1124 | D:2      | Noticed Sigmund
  1512 | D:3      | Reached skill level 4 in Spellcasting
  1640 | D:3      | Reached XP level 4. HP: 24/24 MP: 8/15
  2005 | D:3      | Noticed an ogre
  2019 | D:3      | Killed an ogre
  2019 | D:3      | Reached skill level 3 in Conjurations
  2019 | D:3      | Reached skill level 5 in Fire Magic
  2019 | D:3      | Reached XP level 5. HP: 28/28 MP: 3/18
  2364 | D:4      | Found Klimomur's Jewellery Emporium.
  2379 | D:3      | Reached skill level 5 in Spellcasting
  2563 | D:4      | Noticed Dadi's ghost (experienced GrFi)
  2581 | D:4      | Killed Dadi's ghost
  2581 | D:4      | Reached skill level 4 in Conjurations
  2581 | D:4      | Reached XP level 6. HP: 26/32 MP: 11/21
  2676 | D:4      | Reached skill level 6 in Spellcasting
  2676 | D:4      | Reached XP level 7. HP: 36/36 MP: 16/24
  2743 | D:4      | Found a staircase to the Ecumenical Temple.
  2761 | D:4      | Reached skill level 6 in Fire Magic
  2773 | Temple   | Entered the Ecumenical Temple
  2805 | Temple   | Became a worshipper of Sif Muna the Loreminder
  3134 | D:4      | Reached skill level 5 in Conjurations
  3152 | D:4      | Learned a level 5 spell: Fireball
  3183 | D:4      | Found an iron altar of Okawaru.
  3190 | D:4      | Found an opulent altar of Gozag.
  3435 | D:5      | Entered Level 5 of the Dungeon
  3479 | D:5      | Acquired Sif Muna's first power
  3609 | D:5      | Reached skill level 7 in Spellcasting
  3672 | D:5      | Reached skill level 7 in Fire Magic
  3672 | D:5      | Reached XP level 8. HP: 41/41 MP: 19/26
  3680 | D:5      | Reached skill level 6 in Conjurations
  3835 | D:5      | Acquired Sif Muna's second power
  4139 | D:5      | Reached skill level 8 in Spellcasting
  4549 | D:5      | Learned a level 4 spell: Sticky Flame
  4900 | D:6      | Reached skill level 3 in Dodging
  4900 | D:6      | Reached skill level 7 in Conjurations
  4900 | D:6      | Reached skill level 8 in Fire Magic
  4989 | D:6      | Found a glowing silver altar of Zin.
  5557 | D:7      | HP: 4/41 [something (26)]
  5824 | D:7      | Learned a level 3 spell: Flight
  5933 | D:7      | Reached skill level 4 in Dodging
  5992 | D:7      | Reached XP level 9. HP: 45/45 MP: 20/28
  6137 | D:7      | Found a shattered altar of Ashenzari.
  6429 | D:7      | Reached skill level 5 in Dodging
  6495 | D:7      | Reached skill level 8 in Conjurations
  6495 | D:7      | Reached skill level 9 in Fire Magic
  6987 | D:8      | Noticed a cyclops
  6992 | D:8      | Hit by a large rock thrown by a cyclops

Vanquished Creatures
  The ghost of Dadi the Basher, an experienced GrFi (D:4)
  3 ice beasts
  A sky beast (D:6)
  3 phantoms
  5 ogres
  A necrophage (D:5)
  2 centaurs (D:5)
  A crocodile (D:8)
  A giant frog (D:7)
  A jelly (D:5)
  A scorpion (D:7)
  A quasit (D:6)
  2 crimson imps (D:7)
  2 hounds
  A giant frog zombie (D:7)
  6 orc wizards
  An orc priest (D:8)
  An iguana (D:3)
  11 worker ants
  3 sheep (D:8)
  An ogre skeleton (D:4)
  7 adders
  11 gnolls
  A shadow imp (D:7)
  A steam dragon skeleton (D:7)
  A giant mite (D:1)
  A gnoll skeleton (D:6)
  2 worms
  A goliath beetle zombie (D:5)
  7 giant geckos
  24 orcs
  2 ball pythons
  4 giant cockroaches
  10 goblins
  10 hobgoblins
  5 jackals
  14 kobolds
  2 quokkas (D:3)
  15 bats
  7 giant newts
  2 giant spores
  A hobgoblin skeleton (D:4)
  A kobold skeleton (D:4)
  2 orc skeletons
  14 rats
  A rat zombie (D:7)
  6 ballistomycetes
201 creatures vanquished.

Vanquished Creatures (others)
  A bat (D:7)
  A giant spore (D:7)
2 creatures vanquished.

Grand Total: 203 creatures vanquished
